 Dungeon Crawl Stone Soup version 0.30-a0-715-gdb4ae3ece1 (webtiles) character file.

Game seed: 15656948638360692228

3749016 freelancePsychic the Sorcerer (level 27, 205/205 HPs)
             Began as a Djinni Fighter on Jan 23, 2023.
             Was the Champion of Cheibriados.
             Escaped with the Orb
             ... and 5 runes!
             The game lasted 02:18:34 (55103 turns).

freelancePsychic the Sorcerer (Djinni Fighter)     Turns: 55103, Time: 02:18:35

Health: 205/205    AC: 19    Str: 30    XL:     27
Gold:   7875       EV: 40    Int: 36    God:    Cheibriados [******] SH: 10 Dex: 31

rFire   + + +      SeeInvis +    a - +3 Elemental Staff {rElec rF++ rC++ AC+5}
rCold   + + +      Faith    .    B - +1 buckler of Pride {Str+5}
rNeg    + + .      Spirit   .    A - +4 troll leather armour
rPois   ∞          Reflect  .    X - +1 helmet
rElec   +          Harm     .    S - +0 cloak
rCorr   +          Rampage  .    N - +1 pair of gloves "Puhal Xei" {rN++ Will+++ Regen+ Str-5}
Will    +++++                    (boots unavailable)
Stlth   +++                      h - amulet of regeneration
HPRegen 2.94/turn                K - ring "Fayl" {+Blink rElec rC++ Will- rCorr MP+9}
MPRegen 0.00/turn                w - ring "Tuniun" {Contam rF+ rCorr EV+5 SInv}

@: flying, studying 3 skills, very slow
A: sickness immunity, fire resistance 2, cold vulnerability 1, float, innate
caster, HP casting, extra vitality 1, deformed body, strong-willed 1, sturdy
frame 1
0: Orb of Zot
}: 5/15 runes: barnacled, slimy, silver, abyssal, gossamer
a: Renounce Religion, Evoke Blink, Bend Time, Temporal Distortion, Slouch, Step
From Time


You escaped.
You worshipped Cheibriados.
Cheibriados was exalted by your worship.
You visited 12 branches of the dungeon, and saw 56 of its levels.
You visited the Abyss 2 times.
You also visited: Sewer, Bailey, Gauntlet and Ice Cave.

You collected 9711 gold pieces.
You spent 1836 gold pieces at shops.

Inventory:

Hand Weapons
 a - the +3 Elemental Staff (weapon) {rElec rF++ rC++ AC+5}
   (You found it on level 4 of the Depths)

   It enhances your fire, ice, earth and air magic.
   AC:        It affects your AC (+5).
   rF:        It greatly protects you from fire.
   rC:        It greatly protects you from cold.
   rElec:     It insulates you from electricity.
 b - the +8 arc blade {discharge, rElec}
   (You took it off a kobold brigand on level 9 of the Dungeon)

   rElec:     It insulates you from electricity.
Missiles
 f - 23 curare-tipped darts
 I - 4 throwing nets
Armour
 A - a +4 troll leather armour (worn)
 B - the +1 buckler of Pride (worn) {Str+5}
   (You found it in a Gauntlet)

   Str:       It affects your strength (+5).
 N - the +1 pair of gloves "Puhal Xei" (worn) {rN++ Will+++ Regen+ Str-5}
   (You found it in a Gauntlet)

   Str:       It affects your strength (-5).
   rN:        It greatly protects you from negative energy.
   Regen:     It increases your rate of health regeneration.
   Will:      It greatly increases your willpower.
 O - the +3 tower shield of Dithmenos's Hatred {Dex+5}
   (You found it in a Gauntlet)

   Dex:       It affects your dexterity (+5).
 S - a +0 cloak (worn)
 X - a +1 helmet (worn)
Jewellery
 h - an amulet of regeneration (around neck)
 m - the ring of Gixem {rC+ Will+ Str+6 Int+2}
   (You found it on level 4 of the Shoals)

   [ring of strength]

   Str:       It affects your strength (+6).
   Int:       It affects your intelligence (+2).
   rC:        It protects you from cold.
   Will:      It increases your willpower.
 w - the ring "Tuniun" (right hand) {Contam rF+ rCorr EV+5 SInv}
   (You took it off a minotaur in a Gauntlet)

   [ring of evasion]

   EV:        It affects your evasion (+5).
   rF:        It protects you from fire.
   SInv:      It lets you see invisible.
   Contam:    It causes magical contamination when unequipped.
   rCorr:     It protects you from acid and corrosion.
 K - the ring "Fayl" (left hand) {+Blink rElec rC++ Will- rCorr MP+9}
   (You found it on level 4 of the Shoals)

   [ring of magical power]

   rC:        It greatly protects you from cold.
   rElec:     It insulates you from electricity.
   MP:        It affects your magic capacity (+9).
   +Blink:    It lets you blink.
   rCorr:     It protects you from acid and corrosion.
   Will:      It decreases your willpower.
 R - a ring of protection from cold
 Y - a +5 ring of evasion
 Z - a +6 ring of dexterity
Wands
 e - a wand of flame (81)
 o - a wand of polymorph (20)
 p - a wand of mindburst (10)
 v - a wand of charming (54)
 y - a wand of light (26)
 C - a wand of digging (18)
Scrolls
 c - 57 scrolls of identify {@r1}
 k - 9 scrolls of fear
 r - 14 scrolls of fog
 u - 22 scrolls of teleportation {@r4}
 x - 3 scrolls of butterflies
 G - 10 scrolls of enchant weapon
 H - 2 scrolls of blinking
 L - 6 scrolls of silence
 M - 5 scrolls of brand weapon
 Q - 4 scrolls of immolation
 T - 5 scrolls of magic mapping
 W - 13 scrolls of poison
Potions
 d - 13 potions of might
 g - 6 potions of brilliance
 j - 5 potions of berserk rage
 l - 12 potions of ambrosia
 n - 16 potions of attraction
 q - 16 potions of flight
 s - 14 potions of curing {@q1}
 t - 16 potions of mutation
 z - 3 potions of resistance
 F - 6 potions of cancellation
 V - 2 potions of heal wounds {@q2}
Miscellaneous
 i - a tin of tremorstones (2/2)
 E - a condenser vane
 J - a phantom mirror
 P - a phial of floods


   Skills:
 - Level 20.0 Fighting
 - Level 14.0 Short Blades
 - Level 10.1 Staves
 - Level 2.0 Throwing
 - Level 9.5 Armour
 - Level 20.0 Dodging
 - Level 18.0 Stealth
 - Level 10.4 Shields
 + Level 23.5 Spellcasting
 - Level 13.8 Invocations
 - Level 7.5 Evocations


You had 4 spell levels left.
You knew the following spells:

 Your Spells              Type           Power      Damage    Failure   Level
a - Dragon's Call         Summ           59%        N/A       4%          9
b - Starburst             Conj/Fire      72%        6d19      0%          6
c - Call Imp              Summ           100%       N/A       0%          2
d - Kindle Blastsparks    Fire/Tloc/Air  100%       2d18      0%          3
e - Freezing Cloud        Conj/Ice/Air   84%        6-21      0%          5
f - Passage of Golubria   Tloc           100%       N/A       0%          4
g - Shock                 Conj/Air       100%       1d9       0%          1
h - Summon Horrible Thin  Summ           59%        N/A       1%          8
i - Death Channel         Necr           59%        N/A       0%          6
j - Momentum Strike       Conj/Tloc      100%       3d10      0%          2
k - Death's Door          Necr           59%        N/A       4%          9
l - Summon Cactus Giant   Summ           59%        N/A       0%          6
z - Discord               Hex            59%        N/A       1%          8
Your spell library was empty.

Dungeon Overview and Level Annotations

Branches:
Dungeon (15/15)            Temple (1/1) D:7            Lair (5/5) D:9
 Shoals (4/4) Lair:3       Spider (4/4) Lair:2        Slime (5/5) Lair:4
    Orc (2/2) D:12            Elf (3/3) Orc:2        Vaults (5/5) D:13
  Crypt (3/3) Vaults:3       Tomb (0/3) Crypt:3      Depths (4/4) D:15
    Zot (5/5) Depths:4      Sewer (visited)          Bailey (visited)
  IceCv (visited)         Gauntlet (visited)

Altars:
Ashenzari
Cheibriados
Dithmenos
Elyvilon
Fedhas
Gozag
Hepliaklqana
Makhleb
Nemelex Xobeh
Okawaru
Qazlal
Ru
Uskayaw
Wu Jian
Xom
Yredelemnul
Zin
The Shining One
Jiyva
Lugonu

Shops:
D:4 :   Orc:1 [   Orc:2 ((!*(   Elf:3 *   Vaults:3 ?   Vaults:5 *

Portals:
Hell: Depths:1 Depths:2 Depths:3
Abyss: Depths:3
Pandemonium: Depths:2 Depths:4
Ziggurat: Depths:3

Annotations:
D:3 1 runed translucent door, Crazy Yiuf
D:9 exclusions: 3 doors and 1 more exclusion
D:12 4 transporters
Slime:1 exclusion: shining eye
Elf:1 6 runed translucent doors
Elf:2 4 runed translucent doors
Elf:3 Zenata
Vaults:4 Boris


Innate Abilities, Weirdness & Mutations

You are immune to sickness and miasma.
You are immune to poison.
Your flesh is very heat resistant. (rF++)
You are vulnerable to cold. (rC-)
You float through the air rather than walking.
You learn spells naturally, not from books.
Your magical power is your life essence.
You have superior vitality. (+4 MHP)
Armour fits poorly on your strangely shaped body.
You are strong-willed. (Will+)
Your movements are slightly less encumbered by armour. (ER -2)


Message History

Your large abomination is engulfed in freezing vapours.
Your tentacled monstrosity barely misses the blizzard demon.
Your tentacled monstrosity tentacle-slaps the blizzard demon but does no damage.
Your tentacled monstrosity tentacle-slaps the blizzard demon!
Your tentacled monstrosity grabs the blizzard demon.
Your tentacled monstrosity constricts the blizzard demon.
Your large abomination is engulfed in freezing vapours.
Your tentacled monstrosity tentacle-slaps the blizzard demon.
Your tentacled monstrosity tentacle-slaps the blizzard demon but does no damage.
Your tentacled monstrosity tentacle-slaps the blizzard demon!
Your tentacled monstrosity constricts the blizzard demon.
The blizzard demon gestures at you. The bolt of lightning hits you! You resist.
Your large abomination is engulfed in freezing vapours.
Your large abomination hits the blizzard demon!
Your large abomination is engulfed in freezing vapours.
Your large abomination hits the blizzard demon!!
Your large abomination hits the blizzard demon but does no damage.
Your large abomination hits the blizzard demon!!
The blizzard demon dies!
Cheibriados thoroughly appreciates the change of pace.
Your large abomination is engulfed in freezing vapours.
(D) Dungeon (T) Temple (L) Lair (A) Shoals (N) Spider Nest (M) Slime Pits (O) Orcish Mines (E) Elven Halls (V) Vaults (C) Crypt (W) Tomb (U) Depths (H) Hell (Z) Zot
Where to? (Enter - D:1 @ (x,y), ? - help)
There is a stone staircase leading up here.
You fly upwards.
Your summoned allies are left behind.
There is a stone staircase leading down here.
HP restored.
There is a stone staircase leading up here.
You fly upwards.
There is a stone staircase leading down here.
Things that are here:
a +0 whip; a +0 spear; a gnoll skeleton You reach down and open the door.
There is an open door here.
There is a staircase leading out of the dungeon here.
You have escaped!

###......^...###########.####
##..#######..# #.# #...# ##.#
##.# ######.#.# ##.## #..#
##.....#.# #...### #.##
...#####.### #'#...## #.#
.......=...## #.###..### #.#
########.#..###♣.~P##...###.#
#.##...'.@~P#.....##.#
#.###..#♣.~P#......#.# #.#
##.##.###......#.# ##.#
#..#+##.......#.# ######..#
##...###.....##.# #......##
#..###.......#.#### ##.######
##................# ...#
#####............# ####
##...........#


There were no monsters in sight!

Vanquished Creatures
  the Royal Jelly (Slime:5)
  A dread lich (Vaults:5)
  A Killer Klown (Zot:5)
  Bai Suzhen (Shoals:3)
  Saint Roka (Crypt:3)
  2 caustic shrikes (Depths:4)
  A golden dragon (Depths:4)
  2 hellephants (Depths:3)
  A Tzitzimitl (Depths:2)
  A tentacled monstrosity (Zot:5)
  3 liches
  A walking divine tome (Abyss:5)
  2 deep elf blademasters
  An Orb Guardian (Zot:5)
  3 deep elf master archers
  An ancient champion (Crypt:1)
  3 quicksilver dragons
  15 acid blobs
  Polyphemus (Shoals:3)
  2 tentacled starspawn (Abyss:2)
  A sphinx (Vaults:2)
  Kirke (Shoals:3)
  An Executioner (Depths:2)
  4 tengu reavers
  2 storm dragons
  Ilsuiw (Shoals:3)
  A shadow dragon (Depths:4)
  4 rockslimes
  7 azure jellies
  5 revenants
  A draconian knight (Depths:4)
  7 ghost moths
  8 frost giants
  4 deep elf sorcerers
  3 emperor scorpions
  A spectral caustic shrike (Crypt:3)
  2 fire giants
  Aizul (Shoals:2)
  12 ghouls
  2 orc warlords
  10 vault wardens
  9 ironbound preservers
  7 deep elf elementalists (Elf:3)
  A reaper (Depths:2)
  A spectral juggernaut (Crypt:3)
  9 quicksilver oozes
  2 broodmothers
  6 stone giants
  A caustic shrike skeleton (Depths:2)
  12 very ugly things
  A juggernaut skeleton (Depths:2)
  A green draconian (Zot:5)
  A minotaur (Gauntlet)
  5 ironbound thunderhulks
  4 purple draconians
  Azrael (Spider:3)
  2 red draconians (Depths:4)
  10 vampire knights
  A black draconian (Depths:4)
  7 deep elf demonologists
  A starcursed mass (Abyss:1)
  14 dire elephants
  7 deep elf annihilators (Elf:3)
  2 spark wasps
  11 deep elf death magi
  Snorg (D:10)
  8 eidola
  3 ettins
  2 white draconians (Depths:4)
  2 merfolk javelineers
  A yellow draconian (Depths:4)
  8 jiangshi
  5 spectral quicksilver dragons
  14 yaktaur captains
  5 entropy weavers
  11 merfolk impalers
  A spectral golden dragon (Depths:2)
  2 spriggan zombies
  A shambling mangrove (Abyss:5)
  7 deep elf high priests
  2 spectral spriggans (Depths:2)
  7 fire dragons
  8 great orbs of eyes
  3 nameless horrors
  A fenstrider witch zombie (Crypt:2)
  2 spriggan skeletons
  6 hydras
  2 rakshasas
  A spectral shadow dragon (Depths:2)
  7 ice dragons
  A hell beast (Depths:2)
  2 ogre magi
  12 vault guards
  3 catoblepae
  8 boulder beetles
  11 ironbound frosthearts
  27 centaur warriors
  3 jorogumos (Spider:4)
  A spectral frost giant (Depths:2)
  10 two-headed ogres
  28 dancing weapons
  A merfolk avatar (Shoals:2)
  2 radroaches
  A death knight (Crypt:2)
  An alligator snapping turtle (Shoals:4)
  4 deep troll shamans
  9 hell hogs
  5 death scarabs (Spider:4)
  3 satyrs
  8 death yaks
  A naga warrior (Abyss:1)
  7 thrashing horrors
  2 deep troll earth magi
  8 vampire magi
  6 tengu warriors
  4 orc high priests
  3 spectral storm dragons (Crypt:3)
  5 hell knights (Depths:4)
  16 deep elf knights
  3 soul eaters
  A fire crab (D:13)
  36 deep trolls
  4 shadow wraiths
  A golden dragon zombie (Crypt:1)
  7 pharaoh ants
  3 large abominations
  A sixfirhy (Abyss:1)
  2 iron trolls
  22 skeletal warriors
  A shadow demon (D:13)
  An anaconda zombie (Crypt:1)
  10 flayed ghosts
  13 sea snakes
  A glowing orange brain (Depths:1)
  11 orb spiders
  A spectral iron dragon (Crypt:3)
  2 bog bodies
  7 deep elf archers
  9 ironbound convokers
  A spectral wolf spider (Spider:4)
  12 wizards
  12 harpies
  A golden dragon skeleton (Depths:2)
  7 orc knights
  2 spriggan simulacra (Crypt:3)
  16 phantasmal warriors
  10 steelbarb worms
  A fenstrider witch simulacrum (Crypt:3)
  11 necromancers
  9 lindwurms
  2 shadow dragon zombies
  2 wolf spider zombies (Spider:4)
  A human zombie (Vaults:2)
  28 deep elf pyromancers
  12 wolf spiders
  An iron dragon zombie (Depths:2)
  9 orc sorcerers
  14 deep elf zephyrmancers
  A spectral ettin (Crypt:3)
  47 ugly things
  2 oklob plants
  3 shining eyes
  2 broodmother zombies (Spider:4)
  8 cyclopes
  3 tengu skeletons
  21 fauns
  9 manticores
  2 sphinx skeletons (Depths:2)
  2 salamanders
  5 worldbinders (Abyss:5)
  3 centaur zombies (Crypt:3)
  A stone giant zombie (Crypt:2)
  A spectral centaur (Crypt:3)
  6 merfolk sirens
  2 guardian serpents (Abyss:1)
  11 moths of wrath
  6 vault sentinels
  3 black mambas
  A spectral iron troll (Crypt:2)
  16 elephants
  A smoke demon (Abyss:1)
  4 water nymphs
  22 cane toads
  An orange demon (Depths:2)
  A naga mage (Abyss:1)
  An elf skeleton (Vaults:2)
  An apocalypse crab (Abyss:5)
  2 rust devils (Depths:2)
  6 torpor snails
  7 demonic crawlers
  An alligator snapping turtle zombie (Crypt:3)
  A red draconian zombie (Crypt:3)
  2 unseen horrors
  A gargoyle (D:12)
  A kobold demonologist (D:13)
  3 rime drakes
  An efreet (D:13)
  A dire elephant skeleton (Crypt:1)
  A centaur skeleton (Crypt:1)
  14 komodo dragons
  2 spectral nagas (Crypt:3)
  23 freezing wraiths
  A hellion (Abyss:1)
  2 steelbarb worm zombies
  40 yaktaurs
  A minotaur skeleton (Crypt:2)
  4 spectral deep trolls (Crypt:2)
  A spectral glowing shapeshifter (Depths:2)
  3 spectral redbacks (Spider:4)
  3 tengu conjurers
  A yellow draconian skeleton (Crypt:3)
  A harpy zombie (Crypt:3)
  2 tormentors (Depths:2)
  2 human skeletons (Vaults:2)
  A pale draconian skeleton (Crypt:2)
  A meliai (shapeshifter) (D:15)
  An ancient zyme (Abyss:2)
  22 merfolk
  9 trolls
  A catoblepas skeleton (Crypt:2)
  A polar bear (Lair:1)
  A hornet (shapeshifter) (D:15)
  4 spectral harpies (Crypt:3)
  3 spectral tarantellas (Spider:4)
  An iron dragon simulacrum (Depths:2)
  5 meliai
  3 tyrant leeches (Lair:5)
  8 wind drakes
  4 spectral jumping spiders (Spider:4)
  A tyrant leech (shapeshifter) (Vaults:2)
  A hornet (D:8)
  37 blink frogs
  2 harpy skeletons
  2 jumping spider zombies (Spider:4)
  Grinder (D:4)
  4 raiju (Abyss:1)
  31 tarantellas
  A spectral culicivora (Spider:4)
  7 dream sheep
  37 slime creatures
  A frost giant simulacrum (Depths:2)
  4 snapping turtles
  A satyr skeleton (Crypt:1)
  An ice dragon skeleton (Crypt:2)
  An air elemental (Elf:1)
  An ettin zombie (Crypt:1)
  27 culicivoras
  32 jumping spiders
  3 shadows
  16 water elementals
  A spectral black mamba (Crypt:3)
  6 wyverns
  13 basilisks
  3 hogs (Shoals:3)
  10 wraiths
  A ynoxinul (D:13)
  An ettin skeleton (Crypt:1)
  A vampire (D:12)
  Eustachio (D:4)
  A chaos spawn (Depths:2)
  8 fire elementals
  Grum (D:9)
  92 yaks
  A golden eye (Depths:3)
  7 vampire mosquitoes
  2 steam dragons (D:9)
  51 redbacks
  3 harpy simulacra
  A glowing shapeshifter zombie (Depths:2)
  4 small abominations
  Menkaure (D:4)
  3 wargs (Orc:1)
  5 nagas (Abyss:1)
  2 swamp worms (Gauntlet)
  An acid dragon (D:8)
  A floating eye (Depths:4)
  Duvessa (D:7)
  14 water moccasins
  2 glowing shapeshifter skeletons (Depths:2)
  A sky beast (D:8)
  53 orc warriors
  An ice beast (D:5)
  A black bear (D:6)
  10 ogres
  A dream sheep skeleton (Crypt:1)
  3 boggarts (Vaults:1)
  11 centaurs
  24 wolves
  A fire crab zombie (Crypt:2)
  A komodo dragon zombie (Crypt:2)
  3 kobold brigands (D:9)
  A rime drake skeleton (Crypt:3)
  12 bullfrogs
  A gnoll sergeant (D:9)
  12 necrophages
  3 scorpions
  6 earth elementals
  A human simulacrum (Depths:2)
  8 wights
  Dowan (D:7)
  4 killer bees
  4 electric eels
  3 howler monkeys
  A troll skeleton (Crypt:3)
  A crimson imp (Abyss:1)
  A quasit (Abyss:2)
  A wolf skeleton (Crypt:1)
  4 hounds
  A jelly (D:6)
  17 orc priests
  4 iguanas
  2 iron imps (Abyss:2)
  26 orc wizards
  A hell rat (D:9)
  A boggart zombie (Crypt:1)
  3 troll simulacra (IceCv)
  An ogre skeleton (Crypt:3)
  12 gnolls
  6 naga simulacra
  10 adders
  2 river rats (Sewer)
  5 white imps
  5 ufetubi
  A lava snake skeleton (Crypt:1)
  A lava snake zombie (Crypt:1)
  3 worms
  2 dart slugs (D:2)
  93 orcs
  7 bats
  A bat zombie (D:10)
  4 endoplasms
  4 giant cockroaches
  11 goblins
  9 hobgoblins
  5 jackals
  18 kobolds
  8 quokkas
  10 ball pythons
  A ball python zombie (Crypt:3)
  2 frilled lizards
  A frilled lizard zombie (Crypt:3)
  A giant cockroach zombie (Crypt:2)
  7 rats
  A rat skeleton (Crypt:3)
  A bush (Lair:5)
  4 starspawn tentacles (Abyss:2)
2119 creatures vanquished.

Vanquished Creatures (collateral kills)
  A dread lich (Vaults:5)
  5 ancient liches
  4 orbs of fire (Zot:5)
  Mennas (Crypt:3)
  5 Killer Klowns (Zot:5)
  Frederick (Depths:3)
  A curse toe (Zot:5)
  2 caustic shrikes (Depths:4)
  2 golden dragons
  2 profane servitors
  2 electric golems (Zot:5)
  Mlioglotl (Shoals:4)
  A tentacled monstrosity (Vaults:5)
  25 Orb Guardians (Zot:5)
  A lich (Abyss:3)
  A deep elf blademaster (Abyss:5)
  2 titans (Vaults:5)
  4 quicksilver dragons
  7 acid blobs
  An Executioner (Depths:2)
  A deep elf master archer (Depths:3)
  A sphinx (Vaults:4)
  2 tentacled starspawn (Abyss:3)
  5 tengu reavers
  2 death cobs (Zot:5)
  7 shadow dragons
  4 storm dragons
  11 rockslimes
  2 draconian monks (Zot:5)
  3 draconian knights
  An azure jelly (Slime:4)
  9 vault wardens (Vaults:5)
  2 deep elf sorcerers (Vaults:5)
  2 ghost moths
  4 draconian scorchers
  A fire giant (Vaults:5)
  A frost giant (Vaults:5)
  2 iron dragons (Vaults:5)
  2 draconian shifters (Zot:5)
  A curse skull (Crypt:2)
  An angel (D:13)
  A balrug (Abyss:3)
  A cacodemon (D:15)
  2 draconian stormcallers (Zot:5)
  6 ironbound preservers
  An orc warlord (Orc:1)
  A quicksilver ooze (shapeshifter) (Vaults:5)
  A reaper (Depths:2)
  2 demonspawn corrupters (D:15)
  2 quicksilver oozes
  2 war gargoyles (Vaults:5)
  2 draconian annihilators (Zot:5)
  13 very ugly things
  7 stone giants (Vaults:5)
  A green draconian (Zot:5)
  6 black draconians
  4 yellow draconians (Zot:5)
  6 white draconians
  3 red draconians
  3 purple draconians (Zot:5)
  2 deep elf annihilators (Vaults:5)
  A blizzard demon (D:3)
  4 ettins (Vaults:5)
  2 merfolk impalers (Shoals:4)
  2 deep elf death magi (Vaults:5)
  3 yaktaur captains (Vaults:5)
  4 deep elf high priests (Vaults:5)
  4 great orbs of eyes
  An ice dragon (Depths:2)
  24 vault guards (Vaults:5)
  3 merfolk aquamancers (Shoals:4)
  A jorogumo (Spider:3)
  An ironbound frostheart (Vaults:4)
  2 radroaches
  A satyr (Abyss:5)
  A spriggan skeleton (Depths:2)
  3 death yaks (Lair:5)
  4 hell hogs (Depths:3)
  A hell knight (Vaults:5)
  A titan skeleton (Depths:2)
  A pharaoh ant (Spider:4)
  2 sea snakes (Shoals:4)
  17 deep trolls
  A skeletal warrior (D:15)
  A cherub (Depths:1)
  2 orb spiders (Spider:3)
  A flayed ghost (Crypt:2)
  A deep elf archer (Vaults:5)
  2 ironbound convokers (Vaults:5)
  A swamp dragon (shapeshifter) (Vaults:5)
  A steelbarb worm (Spider:1)
  An orc knight (Vaults:5)
  2 phantasmal warriors (Vaults:5)
  A wolf spider (Spider:3)
  A manticore (Shoals:4)
  6 shining eyes
  3 ugly things (Depths:2)
  An orc sorcerer (Vaults:5)
  6 moths of wrath
  A merfolk siren (Shoals:4)
  3 nameless horrors
  6 vault sentinels
  3 demonic crawlers
  A water nymph (Shoals:4)
  A torpor snail (Spider:3)
  An unseen horror (shapeshifter) (Vaults:5)
  A komodo dragon (Lair:5)
  A freezing wraith (Vaults:5)
  6 yaktaurs
  An orange demon (Abyss:3)
  An ice devil (Zot:4)
  2 tormentors (Depths:2)
  An ancient zyme (Abyss:3)
  A red devil (Zot:5)
  A hellwing (Zot:4)
  A meliai (shapeshifter) (Vaults:5)
  2 tarantellas
  2 blink frogs (Lair:5)
  A merfolk (Shoals:4)
  A meliai (Spider:4)
  A moth of wrath zombie (Crypt:3)
  3 raiju (Abyss:3)
  41 slime creatures
  A spriggan (shapeshifter) (Vaults:5)
  A jumping spider (shapeshifter) (Vaults:5)
  3 jumping spiders
  A water elemental (Shoals:4)
  A wyvern (shapeshifter) (Vaults:5)
  3 large abominations
  4 redbacks
  An acid dragon (D:6)
  A warg (Vaults:5)
  2 hell hounds (Spider:3)
  2 orc warriors
  3 ogres (Orc:1)
  A bullfrog (Lair:5)
  A quasit (Abyss:3)
  An orc priest (Vaults:5)
  2 river rats (Sewer)
  2 adders (Sewer)
  4 orcs
  A ball python (Sewer)
  3 bats (Sewer)
  2 giant cockroaches (Sewer)
  2 jackals (Sewer)
  A quokka (Sewer)
  4 starspawn tentacles
443 creatures vanquished.

Vanquished Creatures (others)
  A fire giant (Depths:1)
  A draconian scorcher (Zot:4)
  A vault warden (Vaults:2)
  An ironbound thunderhulk (Vaults:2)
  A vampire knight (Depths:4)
  A merfolk javelineer (Shoals:3)
  A sixfirhy (Abyss:2)
  2 large abominations
  2 moths of wrath
  A merfolk siren (Shoals:3)
  A dream sheep (Shoals:4)
  A boggart (Vaults:1)
  A bush (Lair:5)
  A demonic plant (Abyss:5)
  45 fungi
  148 plants
  7 starspawn tentacles
  15 withered plants (Gauntlet)
231 creatures vanquished.

Grand Total: 2793 creatures vanquished

Notes
Turn   | Place    | Note
-------+----------+-------------------------------------------
     0 | D:1      | freelancePsychic the Djinni Fighter began the quest for the
                  | Orb.
     0 | D:1      | Reached XP level 1. HP: 20/20 MP: 0/0
   163 | D:1      | Reached XP level 2. HP: 25/25 MP: 0/0
   471 | D:1      | Reached skill level 1 in Throwing
   672 | D:2      | Found a faded altar of an unknown god.
   713 | D:1      | Reached XP level 3. HP: 30/30 MP: 0/0
   713 | D:1      | Learned a level 1 spell: Shock
   730 | D:1      | Reached skill level 1 in Spellcasting
  1014 | D:2      | Reached XP level 4. HP: 12/35 MP: 0/0
  1685 | D:3      | Found a stormy altar of Qazlal.
  1733 | D:3      | Reached XP level 5. HP: 36/41 MP: 0/0
  1733 | D:3      | Learned a level 2 spell: Momentum Strike
  2115 | D:3      | Found a runed translucent door.
  2116 | D:3      | Noticed Crazy Yiuf
  2289 | D:4      | Noticed Grinder
  2289 | D:4      | Found Cila's Book Shoppe.
  2330 | D:4      | Noticed Menkaure
  2401 | D:3      | Reached skill level 2 in Spellcasting
  2633 | D:4      | Reached XP level 6. HP: 46/48 MP: 0/0
  2667 | D:4      | Noticed Eustachio
  2748 | D:4      | Killed Eustachio
  2749 | D:4      | Reached skill level 3 in Spellcasting
  2800 | D:4      | Found a sparkling altar of Nemelex Xobeh.
  2887 | D:4      | Killed Menkaure
  2888 | D:4      | Reached skill level 4 in Spellcasting
  2888 | D:4      | Reached XP level 7. HP: 10/53 MP: 0/0
  2888 | D:4      | Learned a level 2 spell: Call Imp
  3034 | D:4      | Killed Grinder
  3035 | D:4      | Reached skill level 5 in Spellcasting
  3300 | D:4      | Found a burning altar of Makhleb.
  3455 | D:5      | Entered Level 5 of the Dungeon
  3505 | D:5      | Reached XP level 8. HP: 44/58 MP: 0/0
  4000 | D:6      | Reached skill level 6 in Spellcasting
  4006 | D:6      | Found a glowing drain.
  4035 | Sewer    | Entered a sewer
  4693 | D:6      | Found a hazy altar of Hepliaklqana.
  4925 | D:6      | Reached skill level 7 in Spellcasting
  4932 | D:6      | Reached XP level 9. HP: 59/63 MP: 0/0
  4932 | D:6      | Learned a level 3 spell: Kindle Blastsparks
  5511 | D:5      | Found a basalt altar of Yredelemnul.
  5596 | D:5      | Reached skill level 8 in Spellcasting
  5740 | D:5      | Found a sacrificial altar of Ru.
  6035 | D:7      | Found a broken altar of Ashenzari.
  6241 | D:7      | Found a staircase to the Ecumenical Temple.
  6241 | D:7      | Noticed Dowan
  6242 | D:7      | Noticed Duvessa
  6289 | D:7      | Killed Duvessa
  6297 | D:7      | Killed Dowan
  6384 | Temple   | Entered the Ecumenical Temple
  6407 | Temple   | Became a worshipper of Cheibriados the Contemplative
  6517 | D:7      | Found a hide-covered altar of Uskayaw.
  6537 | D:7      | Reached skill level 1 in Dodging
  6552 | D:7      | Found a blossoming altar of Fedhas.
  6822 | D:8      | Reached skill level 5 in Fighting
  6830 | D:8      | Reached XP level 10. HP: 34/70 MP: 0/0
  7024 | D:8      | Reached skill level 9 in Spellcasting
  7126 | D:8      | Reached * piety under Cheibriados
  7316 | D:8      | Reached skill level 5 in Dodging
  7586 | D:8      | Found a white marble altar of Elyvilon.
  7921 | D:9      | Noticed a death yak
  8006 | D:8      | Killed an unseen horror
  8089 | D:9      | Reached ** piety under Cheibriados
  8131 | D:9      | Noticed a two-headed ogre
  8141 | D:9      | Noticed a flayed ghost
  8148 | D:9      | Identified the +7 long sword of a Hundred Artists {venom,
                  | rN+++ rCorr Int-2 Dex+3}
  8148 | D:9      | Noticed a tengu warrior
  8151 | D:9      | Killed a two-headed ogre
  8152 | D:9      | Reached XP level 11. HP: 13/79 MP: 0/0
  8152 | D:9      | Learned a level 4 spell: Passage of Golubria
  8153 | D:9      | Killed a flayed ghost
  8271 | D:9      | Killed a tengu warrior
  8272 | D:9      | Reached skill level 10 in Spellcasting
  8457 | D:10     | Entered Level 10 of the Dungeon
  8470 | D:10     | Noticed a two-headed ogre
  8484 | D:10     | Killed a two-headed ogre
  8603 | D:10     | Found a flagged portal.
  8608 | Bailey   | Entered a bailey
  8625 | Bailey   | Noticed an orc warlord
  8719 | Bailey   | Found a runed translucent gate.
  8720 | Bailey   | Found a runed translucent gate.
  8722 | Bailey   | Found a runed translucent gate.
  8742 | Bailey   | Reached *** piety under Cheibriados
  9067 | Bailey   | Killed an orc warlord
  9124 | Bailey   | Acquired 533 gold pieces
  9264 | D:4      | Bought a manual of Stealth for 880 gold pieces
  9361 | D:9      | Noticed a two-headed ogre
  9369 | D:9      | Killed a two-headed ogre
  9371 | D:9      | Noticed Grum
  9426 | D:9      | Noticed a death yak
  9426 | D:9      | Identified the amulet of Prescription {Spirit +Inv rElec
                  | rPois rF-}
  9448 | D:8      | Killed a death yak
  9449 | D:8      | Reached XP level 12. HP: 76/89 MP: 0/0
  9469 | D:9      | Noticed a death yak
  9493 | D:8      | Killed a death yak
  9526 | D:8      | Killed a death yak
  9559 | D:9      | Found a staircase to the Lair.
  9702 | D:9      | Reached **** piety under Cheibriados
  9936 | D:9      | Killed Grum
  9937 | D:9      | Reached skill level 5 in Stealth
  9961 | D:9      | Found a glowing silver altar of Zin.
 10251 | D:10     | Reached skill level 10 in Fighting
 10341 | D:10     | Found an ornate altar of the Wu Jian Council.
 10677 | D:10     | Noticed Snorg
 10695 | D:10     | Killed Snorg
 10980 | D:11     | Found a frozen archway.
 10999 | IceCv    | Entered an ice cave
 11038 | IceCv    | Reached ***** piety under Cheibriados
 11324 | Lair:1   | Entered Level 1 of the Lair of Beasts
 11524 | Lair:1   | Found a gate leading to a gauntlet.
 11533 | Gauntlet | Entered a Gauntlet
 11533 | Gauntlet | Found a transporter.
 11533 | Gauntlet | Found a transporter.
 11533 | Gauntlet | Found a transporter.
 11540 | Gauntlet | Noticed a tengu warrior
 11556 | Gauntlet | Found a transporter.
 11556 | Gauntlet | Found a transporter.
 11564 | Gauntlet | Found a transporter.
 11567 | Gauntlet | Found a transporter.
 11571 | Gauntlet | Noticed a dire elephant
 11575 | Gauntlet | Found a transporter.
 11591 | Gauntlet | Noticed a reaper
 11595 | Gauntlet | Found a transporter.
 11613 | Gauntlet | Found a transporter.
 11617 | Gauntlet | Found a transporter.
 11627 | Gauntlet | Found a transporter.
 11727 | Gauntlet | Reached skill level 5 in Short Blades
 11742 | Gauntlet | Reached XP level 13. HP: 62/99 MP: 0/0
 11742 | Gauntlet | Learned a level 5 spell: Freezing Cloud
 11768 | Gauntlet | Identified the +1 pair of gloves "Puhal Xei" {rN++ Will+++
                  | Regen+ Str-5}
 11797 | Gauntlet | Identified the +8 flail "Taufamna" {heavy, rN+ Str+4 SInv}
 11797 | Gauntlet | Identified the ring "Tuniun" {Contam rF+ rCorr EV+5 SInv}
 11797 | Gauntlet | Noticed a minotaur
 11818 | Gauntlet | Killed a minotaur
 11843 | Gauntlet | Identified the +3 tower shield of Dithmenos's Hatred
                  | {Dex+5}
 11847 | Gauntlet | Identified the +1 buckler of Pride {Str+5}
 11852 | Gauntlet | Identified the +0 pair of boots of Wyboaxt {+Blink rC-
                  | Regen+ Dex+3}
 12396 | Lair:1   | Reached skill level 1 in Invocations
 12642 | Lair:2   | You are sucked into a shaft and drop 2 floors!
 12714 | Lair:3   | Reached ****** piety under Cheibriados
 12837 | Lair:3   | Found a staircase to the Shoals.
 12877 | Lair:3   | Noticed a five-headed hydra
 12883 | Lair:3   | Killed a five-headed hydra
 13317 | Lair:3   | Identified the +0 mace "Hellblazer" {pain, rN+ Will+}
 13399 | Lair:2   | Reached XP level 14. HP: 108/108 MP: 0/0
 13490 | Lair:2   | Reached skill level 5 in Invocations
 13718 | Lair:2   | Identified the +2 leather armour of the Orb {Regen+ Dex+2}
 13722 | Lair:2   | Identified the ring of Ywuv {Fly rC+ Slay+2}
 13743 | Lair:2   | Identified the +6 glaive of Trog's Hope {flame, Dex+5}
 13750 | Lair:2   | Identified the ring "Sealek" {rElec Will+ Int+3 Dex+4
                  | Slay-4}
 13855 | Lair:2   | Found a hole to the Spider Nest.
 14292 | Lair:2   | Identified the ring of Day {rF+ EV+5 Dex+3}
 15019 | Lair:4   | Found a viscous altar of Jiyva.
 15019 | Lair:4   | Found a staircase to the Slime Pits.
 15121 | Lair:5   | Entered Level 5 of the Lair of Beasts
 15188 | Lair:5   | Reached skill level 11 in Spellcasting
 15188 | Lair:5   | Reached XP level 15. HP: 116/116 MP: 0/0
 15188 | Lair:5   | Learned a level 6 spell: Summon Cactus Giant
 15305 | Lair:5   | Reached skill level 10 in Short Blades
 15912 | Lair:5   | Reached skill level 12 in Spellcasting
 17124 | D:12     | Found a staircase to the Orcish Mines.
 17605 | D:12     | Identified the +6 scale mail of Ceicw {rF++ Regen+ Str-4}
 17634 | D:12     | Found a transporter.
 17668 | D:12     | Found a transporter.
 17672 | D:12     | Found a transporter.
 17702 | D:12     | Found a transporter.
 17987 | Orc:1    | Entered Level 1 of the Orcish Mines
 18221 | Orc:1    | Reached XP level 16. HP: 124/124 MP: 0/0
 18386 | Orc:1    | Identified the +6 arbalest of Tonuoroc {antimagic, Str+2}
 18480 | Orc:1    | Identified the +4 flail "Koumen" {protect, rN+ Str+2}
 18611 | Orc:1    | Found Jiff's Armour Shop.
 18757 | Orc:2    | Entered Level 2 of the Orcish Mines
 18758 | Orc:2    | Found a staircase to the Elven Halls.
 18802 | Orc:2    | Found Laloecin's Weapon Shoppe.
 18845 | Orc:2    | Reached skill level 15 in Fighting
 18845 | Orc:2    | Reached skill level 5 in Armour
 19233 | Orc:2    | Found Zoptet's General Store.
 19233 | Orc:2    | Found Riexoxza's Weapon Boutique.
 19256 | Orc:2    | Found Inu Hyux's Antique Weapon Shoppe.
 19256 | Orc:2    | Found Qinepn's Distillery.
 19262 | Orc:2    | Bought a potion of curing for 51 gold pieces
 19267 | Orc:2    | Bought a potion of curing for 51 gold pieces
 19267 | Orc:2    | Bought a potion of ambrosia for 136 gold pieces
 19267 | Orc:2    | Bought 2 potions of curing for 102 gold pieces
 19267 | Orc:2    | Bought a potion of invisibility for 136 gold pieces
 19545 | D:13     | Identified the +0 scale mail "Usigg" {rElec Will- Str+3
                  | Dex+2}
 19662 | D:13     | Found a gate to the Vaults.
 19955 | D:13     | Acquired a manual of Stealth
 20509 | D:14     | Reached XP level 17. HP: 106/131 MP: 0/0
 20509 | D:14     | Learned a level 6 spell: Starburst
 20856 | D:15     | Entered Level 15 of the Dungeon
 20947 | D:15     | Identified the +2 short sword "Qask" {freeze, Int+2}
 21012 | D:15     | Found a staircase to the Depths.
 21758 | Elf:1    | Entered Level 1 of the Elven Halls
 22013 | Elf:1    | Paralysed by an air elemental for 1 turns
 22033 | Elf:1    | Identified the ring "Voddobb" {rN+ Stlth+}
 22102 | Elf:1    | Found a runed translucent gate.
 22102 | Elf:1    | Found a runed translucent gate.
 22102 | Elf:1    | Found a runed translucent gate.
 22102 | Elf:1    | Found a runed translucent gate.
 22102 | Elf:1    | Found a runed translucent gate.
 22116 | Elf:1    | Found a runed translucent gate.
 22156 | Elf:1    | Reached skill level 13 in Spellcasting
 22505 | Elf:1    | Identified the ring "Yklizis" {rPois rF- Str+5 Slay+3}
 22737 | Elf:1    | Reached XP level 18. HP: 138/138 MP: 0/0
 23094 | Elf:2    | Reached skill level 10 in Stealth
 23125 | Elf:2    | Noticed a Hell Sentinel
 23210 | Elf:2    | Identified the +1 robe "Kedoefedd" {rElec Regen+ Stlth+}
 23322 | Elf:2    | Found a large runed translucent door.
 23322 | Elf:2    | Found a large runed translucent door.
 23353 | Elf:2    | Found a large runed translucent door.
 23353 | Elf:2    | Found a large runed translucent door.
 23571 | Elf:3    | Entered Level 3 of the Elven Halls
 23653 | Elf:3    | Noticed Zenata
 23662 | Elf:3    | Found Majer's General Store.
 24021 | Elf:3    | Reached skill level 14 in Spellcasting
 24078 | Elf:3    | Noticed a Brimstone Fiend
 24370 | Elf:3    | Noticed a deep elf blademaster
 24378 | Elf:3    | Killed a deep elf blademaster
 24379 | Elf:3    | Reached skill level 10 in Dodging
 24405 | Elf:3    | Identified the +5 great sword of Dithmenos, Muttering
                  | {heavy, *Rage rElec rN++ Str-4}
 24449 | Elf:3    | Identified the +2 long sword "Afemuluo" {freeze, rPois
                  | Int+8 Dex+3}
 24453 | Elf:3    | Noticed a deep elf master archer
 24455 | Elf:3    | Noticed a Hell Sentinel
 24462 | Elf:3    | Killed a deep elf master archer
 24467 | Elf:3    | Identified the +9 halberd of Irrepressible Laughter
                  | {freeze, rF- rN+++ Will- rCorr}
 24501 | Elf:3    | Reached XP level 19. HP: 142/143 MP: 0/0
 24501 | Elf:3    | Learned a level 6 spell: Death Channel
 24744 | Elf:3    | Identified the amulet "Jihaj" {+Inv rF+ Regen+ Str+3 Int+2}
 25222 | Spider:1 | Entered Level 1 of the Spider Nest
 25472 | Spider:1 | Identified the +4 scale mail of Gluttony {rN+ Dex+2 Stlth+}
 26503 | Spider:2 | Reached skill level 15 in Spellcasting
 27440 | Spider:3 | Noticed Azrael
 27449 | Spider:3 | Killed Azrael
 27815 | Spider:4 | Entered Level 4 of the Spider Nest
 27834 | Spider:4 | Reached XP level 20. HP: 149/149 MP: 0/0
 28055 | Spider:4 | Got a gossamer rune of Zot
 29278 | Shoals:1 | Entered Level 1 of the Shoals
 29281 | Shoals:1 | Reached skill level 16 in Spellcasting
 29998 | Shoals:2 | Noticed Aizul
 30011 | Shoals:2 | Killed Aizul
 30290 | Shoals:2 | Found a white marble altar of Elyvilon.
 30318 | Shoals:2 | Reached skill level 15 in Dodging
 30649 | Shoals:3 | Noticed Kirke
 30667 | Shoals:3 | Killed Kirke
 30738 | Shoals:3 | Reached XP level 21. HP: 155/155 MP: 0/0
 30738 | Shoals:3 | Learned a level 8 spell: Discord
 30778 | Shoals:3 | Noticed Ilsuiw
 30782 | Shoals:3 | Was placed under penance by Cheibriados
 30850 | Shoals:3 | Noticed Bai Suzhen
 30877 | Shoals:3 | Killed Bai Suzhen
 30877 | Shoals:3 | Was forgiven by Cheibriados
 30960 | Shoals:3 | Noticed Polyphemus
 30989 | Shoals:3 | Killed Polyphemus
 31093 | Shoals:3 | Reached skill level 15 in Stealth
 31127 | Shoals:3 | Killed Ilsuiw
 31404 | Shoals:4 | Entered Level 4 of the Shoals
 31443 | Shoals:4 | Identified the ring "Fayl" {+Blink rElec rC++ Will- rCorr
                  | MP+9}
 31722 | Shoals:4 | Identified the ring of Gixem {rC+ Will+ Str+6 Int+2}
 31772 | Shoals:4 | Reached skill level 17 in Spellcasting
 31976 | Shoals:4 | Reached skill level 5 in Shields
 32031 | Shoals:4 | Identified the +3 scale mail of Fashionability {Str+6}
 32138 | Shoals:4 | Noticed Mlioglotl
 32395 | Vaults:1 | Entered Level 1 of the Vaults
 33606 | Vaults:1 | Identified the +7 dire flail of Qielotuo {vamp, Dex+3}
 33609 | Vaults:1 | Reached XP level 22. HP: 162/162 MP: 0/0
 34573 | Vaults:2 | You are sucked into a shaft and drop 2 floors!
 34702 | Vaults:3 | Found a staircase to the Crypt.
 34702 | Vaults:3 | Found a basalt altar of Yredelemnul.
 34788 | Vaults:3 | Reached skill level 10 in Shields
 34872 | Vaults:3 | Identified the +2 ring mail "Ynadgh" {rF+}
 35044 | Vaults:3 | Identified the +9 spear of Vuuly Sosk {freeze, Dex+5}
 35358 | Vaults:3 | Found Syemogoll's Magic Scroll Emporium.
 35366 | Vaults:3 | Bought a scroll of magic mapping for 135 gold pieces
 35366 | Vaults:3 | Bought a scroll of teleportation for 54 gold pieces
 35366 | Vaults:3 | Bought a scroll of poison for 72 gold pieces
 35366 | Vaults:3 | Bought a scroll of teleportation for 54 gold pieces
 36302 | Vaults:2 | Reached XP level 23. HP: 171/171 MP: 0/0
 36302 | Vaults:2 | Learned a level 8 spell: Summon Horrible Things
 37280 | Vaults:4 | Noticed Boris
 37903 | Depths:1 | Entered Level 1 of the Depths
 38006 | Depths:1 | Found a glowing silver altar of Zin.
 38073 | Depths:1 | Found a gateway to Hell.
 38786 | Depths:2 | Reached skill level 10 in Invocations
 39121 | Depths:2 | Reached skill level 18 in Spellcasting
 39345 | Depths:2 | Reached XP level 24. HP: 159/181 MP: 0/0
 39429 | Depths:2 | Found a one-way gate leading to the halls of Pandemonium.
 39886 | Depths:2 | Identified the +5 short sword of Ancient Evil {freeze, rC++
                  | Dex-3}
 40133 | Depths:2 | Identified the ring of Relativism {+Blink rF+ Stlth+}
 40149 | Depths:2 | Identified the +0 mace of Vureuch {drain, Int+4}
 40221 | Depths:2 | Identified the +5 broad axe "Vapuh" {flame, rElec rN++
                  | Stlth-}
 40524 | Depths:3 | Identified the +2 quick blade of the Pyrrhic Victory
                  | {protect, Drain rElec rCorr Stlth+}
 40599 | Depths:3 | Gained mutation: You have a somewhat thin skeletal
                  | structure. (Dex +2, Stealth+) [a shining eye]
 40647 | Depths:3 | Found a one-way gateway to a ziggurat.
 41011 | Depths:3 | Gained mutation: You have a pair of small antennae on your
                  | head. [a shining eye]
 41022 | Depths:3 | Gained mutation: You occasionally shout uncontrollably at
                  | your foes. [a shining eye]
 41028 | Depths:3 | Gained mutation: You occasionally lose the ability to read
                  | scrolls when taking damage. [a shining eye]
 41092 | Depths:3 | Found a viscous altar of Jiyva.
 41122 | Depths:3 | Found a corrupted altar of Lugonu.
 41122 | Depths:3 | Found a one-way gate to the infinite horrors of the Abyss.
 41297 | Depths:3 | Noticed Frederick
 41304 | Depths:3 | Killed Frederick
 41370 | Depths:3 | Lost mutation: You occasionally shout uncontrollably at
                  | your foes. [potion of mutation]
 41370 | Depths:3 | Lost mutation: You occasionally lose the ability to read
                  | scrolls when taking damage. [potion of mutation]
 41416 | Depths:4 | Entered Level 4 of the Depths
 41485 | Depths:3 | Lost mutation: You have a somewhat thin skeletal structure.
                  | (Dex +2, Stealth+) [potion of mutation]
 41485 | Depths:3 | Lost mutation: You have a pair of small antennae on your
                  | head. [potion of mutation]
 41485 | Depths:3 | Gained mutation: You are strong-willed. (Will+) [potion of
                  | mutation]
 41485 | Depths:3 | Gained mutation: You are robust. (+10% HP) [potion of
                  | mutation]
 41485 | Depths:3 | Gained mutation: Your movements are slightly less
                  | encumbered by armour. (ER -2) [potion of mutation]
 41565 | Depths:4 | Reached XP level 25. HP: 201/207 MP: 0/0
 41565 | Depths:4 | Learned a level 9 spell: Death's Door
 41642 | Depths:4 | Paralysed by a floating eye for 3 turns
 41645 | Depths:4 | Noticed a caustic shrike
 41691 | Depths:4 | Noticed a caustic shrike
 41693 | Depths:4 | Noticed a caustic shrike
 41697 | Depths:4 | Killed a caustic shrike
 41698 | Depths:4 | Noticed a caustic shrike
 41699 | Depths:4 | Killed a caustic shrike
 41793 | Depths:4 | Killed a caustic shrike
 41806 | Depths:4 | Found the +3 Elemental Staff {rElec rF++ rC++ AC+5}
 41972 | Depths:4 | Identified the +8 mace "Focinept" {venom, *Corrode rPois
                  | rF- Will++}
 42009 | Depths:4 | Killed a caustic shrike
 42302 | Depths:4 | Found a gate to the Realm of Zot.
 42479 | Depths:4 | Found a glowing golden altar of the Shining One.
 42972 | Crypt:1  | Entered Level 1 of the Crypt
 43050 | Crypt:1  | Reached skill level 19 in Spellcasting
 45014 | Crypt:3  | Entered Level 3 of the Crypt
 45017 | Crypt:3  | Noticed Mennas
 45208 | Crypt:3  | Reached XP level 26. HP: 213/220 MP: 0/0
 45214 | Crypt:3  | Identified the +6 trident of Ciab {spect, rPois Dex-3 SInv}
 45312 | Crypt:3  | Reached skill level 20 in Spellcasting
 45552 | Crypt:3  | Noticed Saint Roka
 45572 | Crypt:3  | Killed Saint Roka
 45804 | Crypt:3  | Found a staircase to the Tomb.
 46255 | Crypt:3  | Identified the +6 hand axe "Qothuman" {flame, rN++ Will+}
 46541 | Crypt:3  | Identified the ring "Cucotu Jenu" {Dex+6 SInv}
 46595 | Crypt:3  | Killed Mennas
 46673 | Crypt:3  | Identified the +0 scale mail of Lightning Storm {Slay+2}
 46677 | Crypt:3  | Identified the +6 glaive of Ibim Eliti {freeze, rElec rCorr
                  | MP+9}
 47183 | Slime:1  | Entered Level 1 of the Pits of Slime
 47245 | Slime:1  | Reached skill level 21 in Spellcasting
 47654 | Slime:5  | Entered Level 5 of the Pits of Slime
 47690 | Slime:5  | Noticed the Royal Jelly
 47728 | Slime:5  | Killed the Royal Jelly
 47967 | Slime:5  | Got a slimy rune of Zot
 48005 | Slime:5  | Identified the +6 rapier "Quogex" {flame, rPois rC- Int+2}
 48175 | Slime:5  | Reached XP level 27. HP: 217/225 MP: 0/0
 48175 | Slime:5  | Learned a level 9 spell: Dragon's Call
 48909 | Depths:3 | Voluntarily entered the Abyss.
 49105 | Abyss:1  | Found a corrupted altar of Lugonu.
 49144 | Abyss:1  | Reached skill level 22 in Spellcasting
 49346 | Abyss:2  | Reached skill level 1 in Staves
 49392 | Abyss:2  | Found a sacrificial altar of Ru.
 49460 | Abyss:2  | Reached skill level 1 in Evocations
 49616 | Depths:3 | Escaped the Abyss
 49644 | Depths:3 | Voluntarily entered the Abyss.
 49668 | Abyss:3  | Found a bloodstained altar of Trog.
 49673 | Abyss:3  | Found a corrupted altar of Lugonu.
 49743 | Abyss:5  | Found a corrupted altar of Lugonu.
 49833 | Abyss:5  | Got an abyssal rune of Zot
 50007 | Depths:3 | Escaped the Abyss
 50470 | Shoals:4 | Killed Mlioglotl
 50498 | Shoals:4 | Got a barnacled rune of Zot
 50925 | Vaults:5 | Entered Level 5 of the Vaults
 50970 | Vaults:5 | Reached skill level 5 in Staves
 51093 | Vaults:5 | Noticed an ancient lich
 51101 | Vaults:5 | Killed an ancient lich
 51156 | Vaults:5 | Reached skill level 5 in Evocations
 51157 | Vaults:5 | Identified the +1 chain mail of Discretion {rElec rPois rN+
                  | Int+3}
 51227 | Vaults:5 | Identified the +8 longbow of the Unliving {heavy, rF+ rN+}
 51335 | Vaults:5 | Noticed an ancient lich
 51348 | Vaults:5 | Identified the ring "Pewnumy" {Will+ rCorr}
 51366 | Vaults:5 | Noticed a dread lich
 51375 | Vaults:5 | Killed a dread lich
 51376 | Vaults:5 | Identified the +3 chain mail "Huyxil" {rPois Str+2}
 51394 | Vaults:5 | Killed an ancient lich
 51568 | Vaults:5 | Noticed a dread lich
 51584 | Vaults:5 | Killed a dread lich
 51618 | Vaults:5 | Noticed an ancient lich
 51637 | Vaults:5 | Killed an ancient lich
 51705 | Vaults:5 | Found Lahab's Assorted Antiques.
 51714 | Vaults:5 | Bought a runed helmet for 165 gold pieces
 51717 | Vaults:5 | Identified the +1 pair of boots of the Dropbear {Dex+2}
 51861 | Vaults:5 | Got a silver rune of Zot
 52657 | Zot:1    | Entered Level 1 of the Realm of Zot
 53067 | Zot:4    | Reached skill level 10 in Staves
 53221 | Zot:5    | Entered Level 5 of the Realm of Zot
 53708 | Zot:5    | Noticed a Killer Klown
 53722 | Zot:5    | Killed a Killer Klown
 53731 | Zot:5    | Noticed a Killer Klown
 53735 | Zot:5    | Killed a Killer Klown
 53771 | Zot:5    | Noticed an ancient lich
 53782 | Zot:5    | Noticed an orb of fire
 53788 | Zot:5    | Killed an ancient lich
 53793 | Zot:5    | Noticed a Killer Klown
 53794 | Zot:5    | Killed an orb of fire
 53801 | Zot:5    | Noticed an orb of fire
 53801 | Zot:5    | Killed a Killer Klown
 53805 | Zot:5    | Noticed a Killer Klown
 53805 | Zot:5    | Noticed a Killer Klown
 53810 | Zot:5    | Noticed a Killer Klown
 53811 | Zot:5    | Killed a Killer Klown
 53816 | Zot:5    | Noticed an ancient lich
 53986 | Zot:5    | Killed an ancient lich
 54012 | Zot:5    | Noticed an orb of fire
 54023 | Zot:5    | Lost mutation: You are robust. (+10% HP) [an orb of fire]
 54025 | Zot:5    | Killed an orb of fire
 54046 | Zot:5    | Gained mutation: Armour fits poorly on your strangely
                  | shaped body. [an orb of fire]
 54056 | Zot:5    | Killed an orb of fire
 54119 | Zot:5    | Killed a Killer Klown
 54201 | Zot:5    | Reached skill level 23 in Spellcasting
 54207 | Zot:5    | Killed a Killer Klown
 54215 | Zot:5    | Noticed an orb of fire
 54240 | Zot:5    | Killed an orb of fire
 54531 | Zot:5    | Got the Orb of Zot
 55103 | D:$      | Escaped with the Orb!

Illustrated notes

Levels and vault maps discovered:
D:1:      tarquinn_simple_flora_water_e, layout_rooms
D:2:      layout_rooms, basic_ecumenical_altar, minmay_goblin_kobold_house
D:3:      layout_basic, grunt_qazlal_clouds, uniq_crazy_yiuf_cottage
D:4:      layout_rooms, mainiacjoe_overflow_tiny_flanked,
          nemelex_diamond_rough_becter, serial_shops, shop,
          chequers_serial_rivers_large_a, uniq_menkaure, uniq_eustachio,
          uniq_grinder
D:5:      layout_basic, kennysheep_mini_moat,
          mainiacjoe_overflow_surrounded_room
D:6:      layout_rooms, worldfamousw_hep_ancestral_shrine, portal_sewer_entry_d,
          minmay_quadrilaterals
D:7:      layout_rooms, amcnicky_altar_gilded,
          mainiacjoe_overflow_catwalk_spiral, minmay_temple_entry_slanted,
          uniq_duvessa
D:8:      kennysheep_blocky_hall, layout_basic, elyvilon_altar_5,
          onia_ninara_dug_in_and_dangerous
D:9:      minmay_the_grid_net [minmay_the_grid_eight, minmay_the_grid_all_tris,
          minmay_the_grid_diamond_grid, minmay_the_grid_minigrid_small,
          minmay_the_grid_odd_star, minmay_the_grid_prize_diamond_cup],
          layout_rooms, mainiacjoe_overflow_cross_hatched,
          mainiacjoe_overflow_paths, dpeg_lair_monsters, uniq_grum
D:10:     layout_loops_ring, lemuel_zombie_altar_kikubaaqudgha,
          lemuel_doored_altar, enter_bailey_3, uniq_snorg
D:11:     layout_gridville, portal_ice_cave_entry_ice_simulacra
D:12:     layout_basic, david_orc_2, nicolae_diode_quadrants
D:13:     layout_basic, erik_vaults_1, hangedman_corner_corridor
D:14:     layout_irregular_city, serial_glass, glass_columns_a, glass_columns_b
D:15:     hangedman_depths_entry_try_elsewhere_first, layout_small_grid,
          chequers_serial_rivers_micro_b
Temple:   nicolae_temple_colour_theory
Lair:1:   layout_loops_ring, gauntlet_entry_generic
Lair:2:   nzn_winding_woodlands_large [nzn_winding_woodlands_5x5_default,
          nzn_winding_woodlands_5x15_eye, nzn_winding_woodlands_5x5_perimeter,
          nzn_winding_woodlands_center_triple_pond,
          nzn_winding_woodlands_15x15_eel_pit,
          nzn_winding_woodlands_center_lodge,
          nzn_winding_woodlands_5x5_open_star,
          nzn_winding_woodlands_5x15_longhouse,
          nzn_winding_woodlands_5x5_closed_star], layout_loops_ring,
          nicolae_spider_entry_orb_guardian
Lair:3:   layout_hall_layers, minmay_shoals_entry_beasts, roderic_carrion_pond
Lair:4:   layout_roguey, dpeg_slime_entry_enclosed,
          chequers_serial_rivers_micro_b
Lair:5:   minmay_lair_end_frog_pond, layout_cellular_growth, minivault_23,
          kennysheep_basilisk_garden
Shoals:1: layout_shoals, argonaut_gorgonesque
Shoals:2: layout_shoals, nicolae_shoals_lost_giant_hut, lemuel_altar_in_water,
          uniq_aizul
Shoals:3: layout_shoals, uniq_polyphemus, uniq_kirke, uniq_ilsuiw,
          uniq_bai_suzhen
Shoals:4: shoals_end_simple, layout_shoals, nicolae_shoals_shepherds,
          uniq_mlioglotl
Spider:1: layout_spider_delve
Spider:2: layout_cave_pods
Spider:3: layout_spider_delve, uniq_azrael
Spider:4: floodkiller_spider_rune_tomb, hangedman_spider_mandibles
Slime:1:  layout_caves
Slime:2:  layout_caves
Slime:3:  layout_caves
Slime:4:  layout_caves
Slime:5
Orc:1:    layout_caves, serial_shops, nicolae_square_shop, minmay_orc_treasury
Orc:2:    grunt_orc_tribal_feast, layout_caves, serial_shops,
          nicolae_square_shop
Elf:1:    eino_elf_arrival_the_gate, layout_geoelf_grid,
          hangedman_elven_crosses_minicolossus, orc_legates
Elf:2:    elven_hall_of_blades_hangedman_alternative
          [nicolae_blade_entry_splitting_headache], layout_geoelf_octagon
Elf:3:    minmay_elf_hall_curves, layout_loops_corners, serial_shops,
          nicolae_shop_crystal, uniq_zenata
Vaults:1: grunt_vaults_focal, nicolae_vaults_circle_grid_b,
          vaults_room_grunt_arrival_checkpoint,
          vaults_standard_mumra_enter_the_diamond, ontoclasm_vaults_hangar,
          nicolae_vaults_gold_heap, vaults_room_pools, layout_vaults_omnigrid
Vaults:2: nicolae_vaults_network_barrier, ontoclasm_vaults_shuriken,
          vaults_mumra_hexcomb, v_pattern_1, nicolae_vaults_inception_statues,
          hangedman_vaults_maws, hangedman_vaults_hard_town_square,
          hangedman_vaults_locks, v_misc_23, v_alt_pattern_2,
          layout_vaults_omnibox
Vaults:3: ontoclasm_vaults_decontamination, vaults_room_grid,
          hangedman_vaults_corner, nicolae_vaults_triangles, vaults_dpeg_doors,
          nicolae_vaults_circle_grid_a, minmay_crypt_entry_necro_gods,
          v_misc_33, ontoclasm_vaults_eye, nicolae_vaults_display_case,
          layout_vaults_omnicross, serial_shops, shop_fountains
Vaults:4: dpeg_vaults_hating_casters, nicolae_vaults_windows_and_doors_thing,
          hangedman_vaults_stitches, ontoclasm_vaults_hangar,
          ontoclasm_vaults_fault, ontoclasm_vaults_loading_screen,
          layout_vaults_big_room, uniq_boris
Vaults:5
Crypt:1:  layout_misc_corridors, minivault_5, grunt_crypt_arrival_split,
          grunt_megastairs_3
Crypt:2:  layout_chaotic_city, grunt_ministairs_11, skrybe_necro_troll_2,
          grunt_megastairs_2
Crypt:3:  due_elkab, layout_chaotic_city, uniq_mennas, uniq_saint_roka
Depths:1: layout_cave_pools, serial_bayou, serial_bayou_pond_d,
          serial_bayou_lagoon_b, serial_bayou_lagoon_a, serial_bayou_pond_b,
          hell_entry, zin_scriptorium
Depths:2: evilmike_negative_zone, layout_basic, rand_demon_pan_entry_1,
          hell_entry, kennysheep_another_room
Depths:3: dreamdust_merry_men, layout_twisted_cross, enter_ziggurat_f,
          abyss_entry_flame_altar, special_room [special_room_jelly],
          minmay_misc_feat_columns, grunt_hell_horde,
          infiniplex_staircase_pillars_3a, uniq_frederick
Depths:4: grunt_twist_and_shout, layout_basic, nicolae_water_bricks, pan_entry,
          hangedman_tar_grid_catacomb, tso_metal_star
Zot:1:    layout_basic
Zot:2:    grunt_deathspiral_small, layout_cathedral_of_symmetry,
          ebering_ghost_inner_flame, amethyst_zot_foddershock
Zot:3:    layout_gridlike, uniq_josephina
Zot:4:    layout_cathedral_of_symmetry, ebering_ghost_reflecting_pool
Zot:5:    layout_twisted_circle

Skill      XL: |  1  2  3  4  5  6  7  8  9 10 11 12 13 14 15 16 17 18 19 20 21 22 23 24 25 26 27 |
---------------+----------------------------------------------------------------------------------+-----
Throwing       | 1 2 |  2.0
Spellcasting   | 1 2 4 5 7 8 9 10 11 12 13 14 15 16 17 18 19 21 23 | 23.5
Fighting       | 4 5 7 9 11 12 13 14 15 16 17 18 20 | 20.0
Dodging        | 2 6 8 10 13 15 20 | 20.0
Stealth        | 2 6 9 11 13 14 16 18 | 18.0
Short Blades   | 5 7 9 11 12 14 | 14.0
Shields        | 4 7 10 | 10.4
Invocations    | 4 7 10 13 | 13.8
Armour         | 7 9 |  9.5
Staves         | 10 | 10.1
Evocations     | 7 |  7.5

Action                     |  1- 3 |  4- 6 |  7- 9 | 10-12 | 13-15 | 16-18 | 19-21 | 22-24 | 25-27 || total
---------------------------+-------+-------+-------+-------+-------+-------+-------+-------+-------++-------
  Melee: Rapier            |    92 |   135 |   182 |   255 |   490 |   653 |  1365 |  1286 |  1459 ||  5917
         Long sword        |       |       |       |   150 |       |       |       |       |       ||   150
         Quick blade       |       |       |       |       |       |       |       |   104 |       ||   104
         Staff             |       |       |       |       |       |       |       |       |   482 ||   482
  Throw: Dart              |     5 |     1 |       |     3 |     1 |       |       |       |       ||    10
   Cast: Shock             |       |    22 |    35 |    39 |       |       |       |       |       ||    96
         Momentum Strike   |       |    10 |    54 |    23 |       |       |     1 |       |       ||    88
         Call Imp          |       |       |    16 |     5 |       |       |       |       |       ||    21
         Kindle Blastspark |       |       |    33 |    37 |     6 |    14 |    12 |     8 |     2 ||   112
         Passage of Golubr |       |       |       |     9 |       |       |       |       |       ||     9
         Freezing Cloud    |       |       |       |       |   107 |   102 |    58 |    19 |     9 ||   295
         Summon Cactus Gia |       |       |       |       |     3 |     2 |    17 |     4 |     6 ||    32
         Starburst         |       |       |       |       |       |     7 |     3 |       |       ||    10
         Death Channel     |       |       |       |       |       |       |     5 |     5 |    15 ||    25
         Discord           |       |       |       |       |       |       |     1 |       |       ||     1
         Summon Horrible T |       |       |       |       |       |       |       |    23 |    59 ||    82
         Dragon's Call     |       |       |       |       |       |       |       |       |    32 ||    32
 Invoke: Slouch            |       |       |       |       |       |     3 |     2 |     1 |     4 ||    10
         Step From Time    |       |       |       |       |       |       |       |     1 |     4 ||     5
  Evoke: Wand              |       |       |     3 |     9 |     1 |       |       |       |       ||    13
         Phantom mirror    |       |       |       |       |     1 |       |       |       |       ||     1
         Phial of floods   |       |       |       |       |       |       |       |     1 |       ||     1
    Use: Scroll            |     3 |     6 |     5 |    20 |     2 |     3 |    10 |     3 |    22 ||    74
         Potion            |     1 |       |     3 |     5 |     5 |     3 |     4 |     8 |    12 ||    41
   Stab: Sleeping          |     1 |       |     1 |     2 |    16 |    27 |    48 |    38 |    52 ||   185
         Distracted        |       |       |     1 |     4 |     2 |     1 |     4 |     8 |    26 ||    46
         Invisible         |       |       |       |     5 |       |     6 |       |     3 |       ||    14
 Armour: Scale mail        |    11 |       |       |       |       |       |       |       |       ||    11
         Ring mail         |     5 |       |       |       |       |       |       |       |       ||     5
         Leather armour    |    12 |    58 |    97 |     2 |    23 |    41 |       |       |       ||   233
         Acid dragon scale |       |       |       |    49 |       |       |       |       |       ||    49
         Troll leather arm |       |       |       |    42 |    18 |    37 |   189 |   153 |   258 ||   697
         Skin              |       |       |       |     4 |       |       |       |       |       ||     4
  Dodge: Dodged            |    46 |    49 |   147 |   379 |   370 |   407 |  1686 |  1143 |  1921 ||  6148
  Block: Buckler           |    23 |    25 |    68 |   154 |   183 |   176 |   550 |   515 |   782 ||  2476

Table legend: (Time is in decaauts)
 A = Elapsed time spent in this place.
 B = Non-inter-level travel time spent in this place.
 C = Inter-level travel time spent in this place.
 D = Time resting spent in this place.
 E = Time spent auto-exploring this place.
 F = Levels seen in this place.
 G = Mean time per level.
                   A        B        C        D        E       F      G
               +--------+--------+--------+--------+--------+-----+--------+
         Total |  84840 |  73218 |  11622 |   1718 |  52983 |  66 | 1285.5 |
       Dungeon |  21495 |  17058 |   4437 |    420 |  12756 |  15 | 1433.0 |
        Temple |     33 |     18 |     15 |      0 |     14 |   1 |   33.0 |
          Lair |   9193 |   7488 |   1705 |    200 |   5485 |   5 | 1838.6 |
        Shoals |   5218 |   4637 |    581 |     19 |   3432 |   4 | 1304.5 |
   Spider Nest |   6306 |   5978 |    328 |    184 |   4112 |   4 | 1576.5 |
    Slime Pits |   2102 |   1869 |    233 |    106 |   1205 |   5 |  420.4 |
  Orcish Mines |   2486 |   2360 |    126 |      0 |   1797 |   2 | 1243.0 |
   Elven Halls |   5438 |   4943 |    495 |     25 |   3821 |   3 | 1812.7 |
        Vaults |  12215 |  10481 |   1734 |      0 |   8112 |   5 | 2443.0 |
         Crypt |   5967 |   5476 |    491 |      3 |   4062 |   3 | 1989.0 |
        Depths |   7892 |   6815 |   1077 |    150 |   4891 |   4 | 1973.0 |
           Zot |   2941 |   2544 |    397 |    450 |   1302 |   5 |  588.2 |
         Abyss |   1604 |   1604 |      0 |      0 |    952 |   6 |  267.3 |
         Sewer |    565 |    565 |      0 |      0 |    414 |   1 |  565.0 |
        Bailey |    719 |    719 |      0 |    115 |    261 |   1 |  719.0 |
      Ice Cave |     71 |     71 |      0 |     27 |     16 |   1 |   71.0 |
      Gauntlet |    588 |    588 |      0 |     19 |    348 |   1 |  588.0 |
               +--------+--------+--------+--------+--------+-----+--------+

Top non-repeatable levels by time:
Vaults:2: 2861 daAuts
 Crypt:3: 2639 daAuts
Depths:2: 2542 daAuts
  Lair:2: 2425 daAuts
Vaults:4: 2381 daAuts
Vaults:3: 2337 daAuts
Vaults:1: 2321 daAuts
Vaults:5: 2313 daAuts
   Elf:3: 2301 daAuts
     D:8: 2227 daAuts
    D:13: 2155 daAuts
    D:12: 2139 daAuts
Spider:4: 2070 daAuts
   Zot:5: 2069 daAuts
    D:11: 2016 daAuts
